Cogmind - Beta 13 @@@ ROGUE MODE // 2024.03.31 @ 17:43:51 Player: opdo Result: Destroyed by L-31 Rogue with Katana Performance ------------- Evolutions (2) 1000 Regions Visited (4) 800 Robots Destroyed (37) 185 Value Destroyed (1383) 1383 Prototype IDs (10) 200 Alien Tech Used (0) 0 Bonus (117) 117 TOTAL SCORE: 3685 Bonus ------- Follower Combat Kills 117 Cogmind --------- Core Integrity 0/550 Matter 262/300 Energy 100/100 System Corruption 0% Temperature Cool (0) Movement Walking (190) Ox1 Location -8/Storage Parts ------- > --- POWER (1) -------- (None) > --- PROPULSION (3) --- Aluminum Leg Carbon-fiber Leg > --- UTILITY (5) ------ High-capacity Storage Unit Hacking Suite > --- WEAPON (2) ------- Katana > --- INVENTORY (20) --- Cooled Ion Engine Cold Fusion Reactor Aerolev Unit Aerolev Unit Small Storage Unit Weight Redist. System Advanced Visual Processing Unit Sensor Array Sensor Array Improved Terrain Scan Processor Target Analyzer Particle Charger Improved EM Shotgun Advanced Beam Rifle Improved Datajack Peak State ------------ > --- POWER ------------ Cooled Ion Engine > --- PROPULSION ------- Aerolev Unit Aerolev Unit Aerolev Unit > --- UTILITY ---------- High-capacity Storage Unit Weight Redist. System Gravity Neutralizer Structural Scanner Hacking Suite > --- WEAPON ----------- Heavy Particle Gun Advanced Beam Rifle > --- INVENTORY -------- Cold Fusion Reactor Aluminum Leg Aluminum Leg Aluminum Leg Aluminum Leg Carbon-fiber Leg Aerolev Unit Aerolev Unit Small Storage Unit Advanced Visual Processing Unit Sensor Array Sensor Array Improved Terrain Scan Processor Target Analyzer Improved Utility Shielding Improved EM Shotgun Shotgun Improved Datajack Great Maul Katana [Rating: 41] Favorites ----------- Power Heavy Ion Engine Engine Heavy Ion Engine Reactor Cold Fusion Reactor Propulsion Aluminum Leg Leg Aluminum Leg Hover Unit Aerolev Unit Utility High-capacity Storage Unit Device Weight Redist. System Storage High-capacity Storage Unit Hackware Hacking Suite Protection Improved Utility Shielding Weapon Improved Assault Rifle Energy Gun Advanced Beam Rifle Ballistic Gun Improved Assault Rifle Impact Weapon Great Maul Slashing Weapon Katana Build | -11 -10 -9 -8 -8 ------- Run | Yrd Mat Mat Mat Sto Slots Evolved 4 | . . 2 2 . Power . | . . . . . Propulsion 1 | . . 1 . . Utility 3 | . . 1 2 . Weapon . | . . . . . Parts Attached 62 | 8 7 8 8 31 Power 7 | 1 . 2 . 4 Engine 6 | 1 . 2 . 3 Core . | . . . . . Reactor 1 | . . . . 1 Propulsion 23 | 2 4 3 2 12 Treads . | . . . . . Leg 18 | 2 2 3 2 9 Wheel . | . . . . . Hover 5 | . 2 . . 3 Flight . | . . . . . Utility 13 | 1 3 1 5 3 Device 7 | . 2 . 4 1 Storage 2 | 1 1 . . . Processor . | . . . . . Hackware 1 | . . . . 1 Protection 3 | . . 1 1 1 Artifact . | . . . . . Weapon 19 | 4 . 2 1 12 Energy Gun 5 | 1 . . . 4 Energy Cannon . | . . . . . Ballistic Gun 8 | 3 . 2 1 2 Ballistic Cannon . | . . . . . Launcher . | . . . . . Special Weapon . | . . . . . Impact Weapon 3 | . . . . 3 Slashing Weapon 3 | . . . . 3 Piercing Weapon . | . . . . . Special Melee Weapon . | . . . . . Unidentified Prototypes 10 | . . 2 . 8 Parts Lost 17 | . 1 3 3 10 Power 2 | . . 1 . 1 Propulsion 8 | . 1 1 2 4 Utility 3 | . . . . 3 Weapon 4 | . . 1 1 2 Highest Loss Streak 7 | . 1 3 3 7 To Critical Strikes . | . . . . . Average Slot Usage (%) 97 | . 94 98 97 97 Engine 9 | . 14 10 9 8 Leg 22 | . 21 31 26 15 Hover 5 | . 5 . . 10 Device 17 | . 9 11 26 17 Storage 9 | . 14 11 9 9 Hackware 3 | . . . . 8 Protection 7 | . . 10 7 8 Energy Gun 3 | . . . . 8 Ballistic Gun 14 | . 28 22 17 5 Naked Turns . | . . . . . Heaviest Build 58 | 13 48 54 58 58 Greatest Support 48 | 20 26 36 36 48 Greatest Overweight (x) 3 | . 2 1 1 3 Average Overweight (x) . | . . 1 1 1 Largest Inventory Capacity 20 | 8 20 20 20 20 Average Capacity 18 | 6 9 20 20 20 Most Carried 20 | 4 9 11 15 20 Average Carried 13 | 1 5 8 13 19 Final Capacity 20 | 8 20 20 20 20 Final Carried 15 | 1 9 11 15 15 Class Distribution -------------------- 93% | Mutant 6% | Commander-Mutant Dominant Class ---------------- Mutant | -10/Materials Mutant | -9/Materials Mutant | -8/Materials Mutant | -8/Storage Resources | -11 -10 -9 -8 -8 ----------- Run | Yrd Mat Mat Mat Sto Matter Collected 1194 | 187 202 183 235 387 Remotely . | . . . . . Salvage Created 1706 | . 147 308 352 899 Parts 86 | . 9 18 19 40 Haulers Intercepted 4 | . 1 2 . 1 Recyclers Shooed . | . . . . . Parts Field Recycled . | . . . . . Retrieved Matter . | . . . . . Parts Self-Destructed . | . . . . . Prevented . | . . . . . Kills | -11 -10 -9 -8 -8 ------- Run | Yrd Mat Mat Mat Sto Combat Hostiles Destroyed 30 | . 2 5 6 17 Melee 4 | . . . . 4 Guns 22 | . 2 5 6 9 Classes Destroyed 8 | . 2 2 1 3 Hauler 4 | . 1 2 . 1 Operator 2 | . . . 1 1 Watcher 1 | . . . . 1 Grunt 15 | . 2 3 2 8 Brawler 2 | . . . . 2 Duelist 4 | . . 1 . 3 Protector 1 | . . . . 1 Sentry 8 | . . 1 4 3 Best Kill Streak 4 | . 2 2 2 4 Combat Bots Only 4 | . 2 2 2 4 Max Kills in Single Turn 1 | . 1 1 1 1 Gunslinging . | . . . . . Exploded . | . . . . . Melee 1 | . . . . 1 Uniques/NPCs Destroyed . | . . . . . Combat | -11 -10 -9 -8 -8 -------- Run | Yrd Mat Mat Mat Sto Hostile Shots Fired 244 | . 17 46 55 126 Missed 62 | . 5 14 11 32 Damage Taken 3251 | . 206 561 660 1824 Core 693 | . 65 61 141 426 Absorbed by Shields . | . . . . . Redirected to Shielding 125 | . . 49 17 59 Regen/Repaired (Parts) 127 | . . . 127 . Core Remaining (%) 86 | 100 74 84 . . Volleys Fired 135 | . 19 45 27 44 Largest 2 | . 2 2 2 2 Hottest 116 | . 40 43 46 116 Shots Fired 267 | . 38 90 54 85 Gun 267 | . 38 90 54 85 Cannon . | . . . . . Launcher . | . . . . . Special . | . . . . . Kinetic 237 | . 38 90 54 55 Thermal 30 | . . . . 30 Explosive . | . . . . . Electromagnetic . | . . . . . Robot Hit Streak 22 | . 7 8 10 22 Robot Miss Streak 5 | . 5 3 2 3 Penetration Max . | . . . . . Secondary Targets 3 | . . 1 1 1 Max Gunslinging Chain 1 | . . 1 1 1 Shots Hit Robots 217 | . 21 63 41 92 Core Hits 75 | . 8 20 15 32 Critical Kills 2 | . . 1 . 1 Critical Parts Destroyed 5 | . . . . 5 Critical Strikes 10 | . . 1 . 9 Destroy 1 | . . 1 . . Smash 6 | . . . . 6 Sever 3 | . . . . 3 Melee Attacks 38 | . . . . 38 Impact 21 | . . . . 21 Slashing 17 | . . . . 17 Piercing . | . . . . . Sneak Attacks 2 | . . . . 2 Combat Hostiles 1 | . . . . 1 Follow-up Attacks 4 | . . . . 4 Damage Inflicted 3381 | 1 219 590 615 1956 Guns 2406 | . 219 590 615 982 Cannons . | . . . . . Explosions . | . . . . . Melee 970 | . . . . 970 Ramming 5 | 1 . . . 4 Kinetic 2087 | . 219 590 615 663 Thermal 319 | . . . . 319 Explosive . | . . . . . Electromagnetic . | . . . . . Impact 681 | . . . . 681 Slashing 289 | . . . . 289 Piercing . | . . . . . Highest Corruption . | . . . . . Average Corruption . | . . . . . Corruption Purged . | . . . . . Corruption Blocked . | . . . . . Overload Shots . | . . . . . Overflow Damage 220 | . . . . 220 Projectiles . | . . . . . Explosions . | . . . . . Melee 220 | . . . . 220 Knockbacks 3 | . . . . 3 Impact 3 | . . . . 3 Kinetic . | . . . . . Secondary . | . . . . . Self-Inflicted Damage . | . . . . . Shots . | . . . . . Rammed 1 | . . . . 1 Targets Rammed 3 | 1 . . . 2 Kicked 2 | 1 . . . 1 Crushed . | . . . . . Highest Temperature 180 | . 22 6 23 180 Average Temperature 45 | . 9 3 8 73 Received Heat Transfer 1209 | . 105 141 333 630 Siege Activations . | . . . . . Robots Corrupted . | . . . . . Combat Hostiles . | . . . . . Parts Fried 5 | . . . . 5 Impact Corruptions 9 | . . . . 9 Robots Melted . | . . . . . Combat Hostiles . | . . . . . Parts Melted . | . . . . . Heat Transferred 627 | . . . . 627 Parts Sabotaged . | . . . . . Parts Stolen . | . . . . . Parts Stripped . | . . . . . Power Chain Reactions . | . . . . . Alert | -11 -10 -9 -8 -8 ------- Run | Yrd Mat Mat Mat Sto Peak Influence 452 | . 92 142 167 452 Initial 38 | . . 38 26 . Average 140 | . 26 55 64 264 Maximum Alert Level 2 | . . . . 2 Low Security (%) 68 | 100 100 100 100 22 Level 1 23 | . . . . 58 Level 2 7 | . . . . 19 Level 3 . | . . . . . Level 4 . | . . . . . Level 5 . | . . . . . High Security . | . . . . . Max Security . | . . . . . Squads Dispatched 10 | . . 1 2 7 Investigation 2 | . . . 1 1 Extermination . | . . . . . Reinforcement 3 | . . 1 1 1 Assault 2 | . . . . 2 Garrison 3 | . . . . 3 Intercept . | . . . . . Searches Triggered . | . . . . . Construction Impeded . | . . . . . Haulers Reinforced . | . . . . . Active Scanning Responses . | . . . . . Cargo Convoy Interrupts . | . . . . . Stealth | -11 -10 -9 -8 -8 --------- Run | Yrd Mat Mat Mat Sto Distress Signals 2 | . . . . 2 Communications Jammed . | . . . . . Distress Signals . | . . . . . Times Spotted 56 | . 5 10 8 33 Peak Tracking Total 4 | . 2 3 2 4 Tactical Retreats 3 | . . 1 . 2 Traps | -11 -10 -9 -8 -8 ------- Run | Yrd Mat Mat Mat Sto Traps Triggered 3 | . 1 1 . 1 Indirectly . | . . . . . Trap Hack Attempts . | . . . . . Triggered . | . . . . . Disarmed . | . . . . . Reprogrammed . | . . . . . Reused . | . . . . . Traps Extracted . | . . . . . Installed . | . . . . . Triggered . | . . . . . Machines | -11 -10 -9 -8 -8 ---------- Run | Yrd Mat Mat Mat Sto Machines Disabled 2 | . . . . 2 Max in Single Turn 1 | . . . . 1 Machines Repaired . | . . . . . Machines Dismantled . | . . . . . Machines Sabotaged . | . . . . . Overloaded Fab Kills . | . . . . . Hacking | -11 -10 -9 -8 -8 --------- Run | Yrd Mat Mat Mat Sto Machines Accessed 29 | . 2 4 7 16 Terminals 22 | . 2 4 3 13 Fabricators . | . . . . . Repair Stations 1 | . . . 1 . Recycling Units 3 | . . . 1 2 Scanalyzers 2 | . . . 2 . Garrison Access 1 | . . . . 1 Total Hacks 56 | . 2 9 18 27 Successful 32 | . 2 3 15 12 Failed 24 | . . 6 3 15 Catastrophic . | . . . . . Database Lockouts . | . . . . . Manual 27 | . 2 9 6 10 Terminals 38 | . 2 9 5 22 Fabricators . | . . . . . Repair Stations 7 | . . . 7 . Recycling Units 4 | . . . 1 3 Scanalyzers 5 | . . . 5 . Garrison Access 2 | . . . . 2 Terminal Hacks 8 | . . . 1 7 Open Door 7 | . . . . 7 Branch Access Points 1 | . . . 1 . Fabricator Hacks . | . . . . . Repair Station Hacks 6 | . . . 6 . Scan Component 3 | . . . 3 . Repair 3 | . . . 3 . Recycling Unit Hacks 1 | . . . . 1 Report Inventory 1 | . . . . 1 Scanalyzer 4 | . . . 4 . Insert Component 2 | . . . 2 . Analyze 2 | . . . 2 . Garrison Access Hacks . | . . . . . Unauthorized Hacks 13 | . 2 3 4 4 Terminals 12 | . 2 3 3 4 Botnet 12 | . 2 3 3 4 Fabricators . | . . . . . Repair Stations . | . . . . . Recycling Units 1 | . . . 1 . Reject 1 | . . . 1 . Scanalyzers . | . . . . . Garrison Access . | . . . . . Data Cores Recovered . | . . . . . Used . | . . . . . Hacking Detections 20 | . . 3 5 12 Full Trace Events 2 | . . 1 1 . Feedback Events . | . . . . . Feedback Blocked . | . . . . . Robot Schematics Acquired . | . . . . . Robots Built . | . . . . . Authchips . | . . . . . Time . | . . . . . Total Robot Build Rating . | . . . . . Part Schematics Acquired 2 | . . . 2 . Parts Built . | . . . . . Authchips . | . . . . . Time . | . . . . . Total Part Build Rating . | . . . . . Parts Repaired 3 | . . . 3 . Time 96 | . . . 96 . Parts Recycled . | . . . . . Recycled Matter . | . . . . . Retrieved Matter . | . . . . . Retrieved Components . | . . . . . Parts Scanalyzed 2 | . . . 2 . Part Schematics Acquired 2 | . . . 2 . Parts Damaged . | . . . . . Bothacking | -11 -10 -9 -8 -8 ------------ Run | Yrd Mat Mat Mat Sto Used RIF Installer . | . . . . . Robots Hacked . | . . . . . Non-combat . | . . . . . Combat . | . . . . . Robot Hacks Applied . | . . . . . Relay Couplers Released . | . . . . . Fabnet Peak Effective % . | . . . . . Robots Rewired . | . . . . . Allies Hacked . | . . . . . Hacks Repelled . | . . . . . Allies | -11 -10 -9 -8 -8 -------- Run | Yrd Mat Mat Mat Sto Total Allies 12 | . . . . 12 Largest Group 10 | . . . . 10 Highest-Rated Group 173 | . . . . 173 Highest-Rated Ally 31 | . . . . 31 Total Orders 1 | . . . . 1 ROAM 1 | . . . . 1 Ally Attacks 86 | . . . . 86 Total Damage 1157 | . . . . 1157 Kills 13 | . . . . 13 Allies Corrupted . | . . . . . Allies Melted . | . . . . . Intel | -11 -10 -9 -8 -8 ------- Run | Yrd Mat Mat Mat Sto Robot Analysis Total . | . . . . . Derelict Logs Recovered . | . . . . . Drone Launches . | . . . . . Drone Recoveries . | . . . . . Exploration | -11 -10 -9 -8 -8 ------------- Run | Yrd Mat Mat Mat Sto Turns Passed 3352 | 51 373 654 889 1385 Spaces Moved 1604 | 35 213 261 355 740 Core 14 | 11 . . . 3 Treads . | . . . . . Legs 1189 | 24 192 261 355 357 Wheels . | . . . . . Hover 401 | . 21 . . 380 Flight . | . . . . . Fastest Speed 50 | 50 116 190 190 102 Average Speed 157 | 98 129 190 190 141 Slowest Speed 200 | 120 190 190 190 200 Overloaded Moves . | . . . . . Propulsion Burnouts . | . . . . . Robots Hopped . | . . . . . Cave-ins Triggered . | . . . . . Exploration Rate (%) 39 | 4 37 31 30 94 Regions Visited 4 Branch Regions 1 Pre-discovered Areas . | . . . . . Known Exits Taken 1 | . . . 1 . Unknown Exits Taken 3 | 1 1 1 . . Scrap Searched . | . . . . . Spaces Dug . | . . . . . Terrain Destroyed . | . . . . . Melee . | . . . . . Projectile . | . . . . . AOE . | . . . . . Terrain Rammed . | . . . . . Walls Destroyed . | . . . . . Machines Disabled . | . . . . . Actions | -11 -10 -9 -8 -8 --------- Run | Yrd Mat Mat Mat Sto Total 2129 | 50 277 344 519 939 Wait 205 | . 23 21 114 47 Move 1600 | 34 212 260 354 740 Hop . | . . . . . Pick Up 68 | 7 13 9 14 25 Fast Attach . | . . . . . Attach 34 | 6 2 6 8 12 Detach . | . . . . . Swap 28 | 2 5 2 . 19 Drop 22 | . 3 1 2 16 Fire 135 | . 19 45 27 44 Melee 32 | . . . . 32 Ram 1 | . . . . 1 Kick 2 | 1 . . . 1 Crush . | . . . . . Escape Stasis . | . . . . . Rewire 2 | . . . . 2 Trap . | . . . . . Miscellaneous . | . . . . . Route ------- -11/Scrapyard -10/Materials -9/Materials -8/Materials -8/Storage History --------- Turn | Location | Event 10 | -11/Scrapyard | Discovered new exit (range 16) 52 | -11/Scrapyard | Entered Materials 316 | -10/Materials | Build established: Mutant 408 | -10/Materials | Discovered new exit (range 8) 425 | -10/Materials | Entered another Materials area 425 | -9/Materials | Evolved 2 slots: Propulsion x1, Utility x1 715 | -9/Materials | Lost 3 parts (1p1n1w) 973 | -9/Materials | Discovered new exit (range 16) 1079 | -9/Materials | Entered another Materials area 1079 | -8/Materials | Evolved 2 slots: Utility x2 1293 | -8/Materials | Repaired Weight Redist. System 1333 | -8/Materials | Repaired Imp. Utility Shielding 1360 | -8/Materials | Repaired Lgt. Assault Rifle 1504 | -8/Materials | Lost 3 parts (2n1w) 1513 | -8/Materials | Identified exit to Storage 1968 | -8/Materials | Entered Storage 2202 | -8/Storage | Assisted by bots powering up and referring to "LRC-V3" 2235 | -8/Storage | Garrison activated, responded to threat 2417 | -8/Storage | Core integrity fell below 50% 2713 | -8/Storage | Met a pair of Derelict thieves 3304 | -8/Storage | Core integrity fell below 20% 3353 | -8/Storage | Destroyed by L-31 Rogue with Katana Last Messages --------------- 03282_ Imp. Utility Shielding destroyed. 03298_ Hvy. Particle Gun severed. 03301_ Structural Scanner destroyed. 03306_ M-28 Smith repairs G-47 Trooper. 03316_ Destroyed Imp. Ion Engine. 03316_ L-31 Rogue system corrupted by crushing effect. 03316_ L-31 Rogue knocked back. 03322_ Great Maul severed. 03322_ Kicked L-31 Rogue. 03323_ Identified Enh. Autogun. 03327_ VSS Leg destroyed. 03328_ Slammed into L-31 Rogue. 03337_ G-47 Trooper destroyed. 03338_ Gravity Neutralizer destroyed. 03343_ Enh. Autogun severed. 03345_ VSS Leg severed. 03348_ Lgt. Angular Momentum Engine destroyed. 03350_ L-31 Rogue Backup Power III severed. 03350_ Backup Power III disintegrated. Map ----- +----------------------------------------------------+ | ????????????????????????????????????? | | ????????????????????????????????????? | | ########################????????????? | | ########################????????????? | | # ##????????????? | | ######## # ##????????????? | | ######## # ##????????????? | | ##????## + ##????????????? | | ## ######## # # ????????????? | | # ######## # # ????????????? | | # # # ##+##### ??????????? | | # *# # ##### ??????????? | | # =%#% # ##??# ??????????? | | + *!+="T" # ##??# ??????????? | | ####%#=""" #### ##??# ??????????? | | ####*#= *#### ##??# ??????????? | | ##### ###### #### ##?## ??????????? | | ##### ########### ##?## #?????##??? | | ???##*########### ##### ######T#### | | ???##+###########+##### # ? | | ???##% %# # # ? | | ???## """ # # # """"? | | ##### """ # =!! # # """"? | | ##### """ # =!! #g g/ """"? | | ##""" # !! #*%!# """"# | | ##"Y "" # # [@#/ # | | ##""" T" # # =l # | | ##### %"" # "T" # ##" "## #?? | | ##### # """ # ##"R"#????? | | ?#######+##+######+#### ##"""#????? | | ?## % ######????? | | ?## ##????????? | | ?## ^ ##????????? | | ?################### [ ##????????? | | ?###################k % ##????????? | | ??????????????????## ########??? | | ??????????????????## ##+########??? | | ???#########??????## # ##??? | | #################### # ##??? | | ##### ########## # """" ##??? | | !% # ""==" ##??? | | % = + """[]" ##??? | | % #** """ ##??? | | ##### ######## # "[="" ##??? | | ################## # """" ##??? | | !##### """ """ / + ##??? | | !##?## """ """ ### #############??? | | ##?## """ """ ### #############??? | | ##?## ### ##?????????????? | | ###?## ### ##?????????????? | +----------------------------------------------------+ Best States ------------- Heat Dissipation 31 Energy Generation 18 Energy Capacity 280 Matter Stores 300 Matter Capacity 300 Sight Range 16 Robot Scan Range 14 Terrain Scan Density 10 Additional Mass Support 12 Utility Shielding 66 Evasion (%) 55 Offensive Hacking 10 Item Schematics ----------------- Imp. Assault Rifle | -8/Materials | Scanalyzed Hacking Suite | -8/Materials | Scanalyzed Robot Schematics ------------------ None Fabricated ------------ Nothing Alien Tech Used ----------------- None Achievements -------------- None Challenges ------------ None Game ------ Seed SmartbombAblativeSplitter Manual? 0 Play Time 00:28:29 Cumulative 20.6 hours Start 2024.03.31 @ 17:18:40 End 2024.03.31 @ 17:43:51 Sessions 1 Manual Loads 0 Difficulty Rogue Special Mode None Game No. 56 Rogue 54 Adventurer 2 Explorer 0 Win Type - Total 0 Types 0/0/0/0/0/0/0/0/0 Lore% 20 Gallery% 33 Achievement% 23 Wizard Run 0 Options --------- Layout 1 ASCII 0 Keyboard 0 Movement Arrows Keybinds 0 Fullscreen 2 Font 24/Smallcaps Map View 50x35 Zoom Use 0% Tactical HUD 1 Map Filters NONE Filters NONE Steam 1 RUN: 45f2d012-2128-4226-867f-87e955644804